AoeStats
← meditator27

Arabia

506297845Analyzed
3v3 RM · 18d ago on Sep 13, 2026· 50m 41s· 6 players
Game mode
Random Map
Map size
Normal (6 player)
Population
200
Speed
Normal
Resources
Standard
Victory
Conquest
Starting age
Dark Age
Ending age
Imperial Age
RankedLock teamsTeams togetherTeam positionsShared explorationLock speedFull tech treeHidden civsTurbo modeCheats
Victory
Defeat
🇺🇸 Wei · United States
1260
+14
🇺🇸 Vietnamese · United States
1260
+14
🇹🇼 Maya · Taiwan
1258
+14
🇦🇷 Britons · Argentina
1358
-20
🇦🇷 Persians · Argentina
1161
-12
🇦🇷 Ethiopians · Argentina
1119
-10
FullmetalZimm
6:54 Loom
9:27 Feudal Age
10:00 Horse Collar
10:26 Double-Bit Axe
16:19 Wheelbarrow
18:44 Scale Barding Armor
18:50 Forging
20:31 Gold Mining
23:04 Castle Age
21:58 Bloodlines
24:04 Chain Barding Armor
24:20 Iron Casting
23:50 Husbandry
35:59 Hand Cart
37:54 Gold Shaft Mining
37:10 Stone Mining
37:47 Town Watch
38:32 Devotion
41:25 Imperial Age
40:41 Tuntian
41:46 Heavy Hei Guang Cavalry
43:28 Conscription
43:48 Ming Guang Armor
45:03 Blast Furnace
43:55 Fletching
44:09 Elite Tiger Cavalry
45:41 Hoardings
Solaire (Praise the Sun)
6:18 Loom
9:40 Feudal Age
17:50 Wheelbarrow
18:06 Fletching
18:17 Padded Archer Armor
27:42 Castle Age
27:25 Double-Bit Axe
27:33 Gold Mining
27:25 Horse Collar
27:38 Stone Mining
27:42 Crossbowman
40:15 Thumb Ring
40:27 Bodkin Arrow
44:59 Imperial Age
43:14 Ballistics
47:16 Chemistry
49:30 Bow Saw
49:23 Heavy Plow
50:51 Paper Money
meditator27
0:28 Loom
9:38 Feudal Age
10:15 Double-Bit Axe
13:59 Fletching
16:49 Padded Archer Armor
24:40 Castle Age
24:48 Crossbowman
25:28 Bodkin Arrow
26:05 Bow Saw
26:09 Horse Collar
28:15 Ballistics
28:48 Wheelbarrow
30:10 Leather Archer Armor
32:07 Gold Mining
39:05 Imperial Age
38:41 Heavy Plow
39:17 Arbalester
41:36 Bracer
44:09 Chemistry
44:30 Stone Mining
46:06 Hand Cart
46:32 Thumb Ring
47:46 Stone Shaft Mining
48:21 Conscription
49:49 Town Watch
[GdSur] Mate_Amargo
6:12 Loom
8:50 Feudal Age
9:13 Double-Bit Axe
13:03 Horse Collar
16:01 Scale Barding Armor
17:00 Bloodlines
18:53 Forging
22:17 Castle Age
20:50 Gold Mining
24:17 Bow Saw
27:09 Iron Casting
28:38 Husbandry
28:57 Town Watch
30:42 Wheelbarrow
30:49 Chain Barding Armor
32:31 Town Patrol
38:41 Gold Shaft Mining
41:54 Imperial Age
40:19 Hand Cart
40:13 Heavy Plow
43:00 Plate Barding Armor
41:55 Heavy Camel Rider
43:16 Crop Rotation
45:10 Blast Furnace
45:00 Light Cavalry
45:49 Hussar
47:38 Conscription
49:20 Murder Holes
51:10 Chemistry
50:26 Fletching
Esca
6:27 Loom
9:14 Feudal Age
14:59 Fletching
15:18 Double-Bit Axe
17:43 Padded Archer Armor
26:09 Castle Age
26:49 Bodkin Arrow
26:16 Crossbowman
27:06 Thumb Ring
27:52 Leather Archer Armor
30:22 Thumb Ring
43:16 Town Watch
44:08 Wheelbarrow
47:45 Ballistics
[GdSur] Mr.Chispa
5:24 Loom
9:38 Feudal Age
10:15 Double-Bit Axe
14:36 Fletching
22:00 Padded Archer Armor
26:28 Castle Age
26:36 Gold Mining
26:38 Elite Skirmisher
27:15 Bodkin Arrow
26:44 Crossbowman
37:12 Horse Collar
37:44 Bow Saw
38:12 Wheelbarrow
38:09 Heavy Plow
42:34 Imperial Age
42:30 Hand Cart
42:52 Leather Archer Armor
Connection lost

Rejoining the realm…

Still unreachable

The connection could not be restored.

Session expired

The server has moved on; the page needs a fresh start.